 Dungeon Crawl Stone Soup version 0.27-a0-34-gc18c9092ac (webtiles) character file.

Game seed: 10233261405460419354

841 lunkers the Tainter (level 8, 0/57 HPs)
             Began as a Merfolk Venom Mage on Jan 4, 2021.
             Was an Initiate of Ashenzari.
             Slain by a white imp (4 damage)
             ... on level 5 of the Dungeon.
             The game lasted 00:05:33 (5551 turns).

lunkers the Tainter (Merfolk Venom Mage)            Turns: 5551, Time: 00:05:33

Health: 0/57       AC:  2    Str:  8    XL:     8   Next: 0%
Magic:  14/14      EV: 13    Int: 17    God:    Ashenzari [......]
Gold:   218        SH:  0    Dex: 14    Spells: 2/15 levels left

rFire    . . .     SeeInvis .   o - +1 whip (flame)
rCold    . . .     Faith    .   (no shield)
rNeg     . . .     Spirit   .   a - +0 robe
rPois    .         Reflect  .   (no helmet)
rElec    .         Harm     .   (no cloak)
rCorr    .         Rampage  .   (no gloves)
Will     .....                  (no boots)
Stlth    ++........             (no amulet)
HPRegen  0.19/turn              (no ring)
MPRegen  0.14/turn              (no ring)

@: no status effects
A: change form in water, swift swim, stealthy swim
a: Renounce Religion, Curse Item


You were on level 5 of the Dungeon.
You worshipped Ashenzari.
Ashenzari was noncommittal.
You visited 2 branches of the dungeon, and saw 6 of its levels.

You collected 218 gold pieces.

Inventory:

Hand Weapons
 o - a +1 whip of flaming (weapon)
Armour
 a - a +0 robe (worn)
 w - a +0 helmet
Jewellery
 r - a +6 ring of strength
Wands
 t - a wand of polymorph (6)
Scrolls
 b - 3 scrolls of teleportation {unknown}
 d - 2 scrolls of fog {unknown}
 e - a scroll of enchant armour {unknown}
 g - 6 scrolls of identify {unknown}
 h - a scroll of fear {unknown}
 j - 4 scrolls of random uselessness {unknown}
 n - a scroll of blinking {unknown}
 p - 2 scrolls of remove curse
Potions
 c - a potion of flight {unknown}
 f - 2 potions of mutation {unknown}
 i - 2 potions of curing {unknown}
 k - a potion of lignification {unknown}
 l - a potion of magic {unknown}
 m - 2 potions of berserk rage {unknown}
 q - a potion of invisibility {unknown}
 s - a potion of attraction {unknown}
 u - a potion of cancellation {unknown}
 v - a potion of heal wounds {unknown}


   Skills:
 + Level 2.8 Fighting
 - Level 2.6 Dodging
 - Level 2.1 Stealth
 - Level 4.0 Spellcasting
 - Level 4.0 Transmutations
 - Level 8.0 Poison Magic


You had 2 spell levels left.
You knew the following spells:

 Your Spells              Type           Power        Failure   Level
a - Sting                 Tmut/Pois      92%          1%          1
b - Poisonous Vapours     Pois/Air       34%          4%          2
c - Olgreb's Toxic Radia  Pois           30%          6%          4
d - Ignite Poison         Fire/Tmut/Pois 17%          9%          3
e - Mephitic Cloud        Conj/Pois/Air  12%          16%         3

Your spell library contained the following spells:

 Spells                   Type           Power        Failure   Level


Dungeon Overview and Level Annotations

Branches:
Dungeon (5/15)             Temple (1/1) D:4

Altars:
Ashenzari
Cheibriados
Elyvilon
Gozag
Hepliaklqana
Kikubaaqudgha
Nemelex Xobeh
Okawaru
Ru
Sif Muna
Uskayaw
Vehumet
Wu Jian
Xom
Zin
The Shining One

Annotations:
D:3 Grinder
D:5 3 runed translucent doors, hehateme's ghost, novice FoFi


Message History

The white imp gestures at you. The puff of frost misses you.
You closely miss the white imp. The white imp gestures at you.
The puff of frost hits you.
* * * LOW HITPOINT WARNING * * *
You hit the white imp. You burn the white imp.
The white imp is almost dead.
The white imp gestures at you. The puff of frost hits you.
* * * LOW HITPOINT WARNING * * *
You hit the white imp but do no damage.
The white imp is almost dead.
The white imp closely misses you.
You hit the white imp but do no damage.
The white imp is almost dead.
The white imp hits you.
* * * LOW HITPOINT WARNING * * *
The white imp freezes you.
You die...

#.###.#
#.##.## #
#.##.### # ?#
#.#)##.##.##.#
#.#)#.#.#.#.#
#....#..#..# #
###...#...#
..#
#..#..5.#....#
#...#.@...#.
#.....#......#
##.....?.#....
#.............
####.#.#######
#..... #######


You could see a white imp.

Vanquished Creatures
  Pikel (D:4)
  A howler monkey (D:4)
  A hound (D:5)
  2 orc priests (D:5)
  3 orc wizards
  A howler monkey zombie (D:5)
  5 adders
  An ufetubus (D:5)
  5 worms
  A dart slug (D:1)
  6 leopard geckos
  21 orcs
  7 ball pythons
  4 giant cockroaches
  6 goblins
  2 hobgoblins (D:1)
  4 jackals
  8 bats
  6 frilled lizards
  4 kobolds
  3 rats
92 creatures vanquished.

Notes
Turn   | Place    | Note
-------+----------+-------------------------------------------
     0 | D:1      | lunkers the Merfolk Venom Mage began the quest for the Orb.
     0 | D:1      | Reached XP level 1. HP: 13/13 MP: 3/3
   165 | D:1      | Reached XP level 2. HP: 18/19 MP: 3/5
   890 | D:1      | Reached skill level 4 in Poison Magic
   890 | D:1      | Reached XP level 3. HP: 24/24 MP: 2/6
  1340 | D:2      | Found an ornate altar of the Wu Jian Council.
  2138 | D:3      | Found a sacrificial altar of Ru.
  2149 | D:3      | Found a broken altar of Ashenzari.
  2149 | D:3      | Found a white marble altar of Elyvilon.
  2150 | D:3      | Found an ancient bone altar of Kikubaaqudgha.
  2166 | D:3      | Became a worshipper of Ashenzari the Shackled
  2176 | D:3      | Reached XP level 4. HP: 23/30 MP: 1/7
  2482 | D:3      | Noticed Grinder
  2962 | D:3      | Found a radiant altar of Vehumet.
  3089 | D:3      | Reached XP level 5. HP: 26/35 MP: 4/9
  3148 | D:4      | Reached skill level 5 in Poison Magic
  3454 | D:4      | Found a staircase to the Ecumenical Temple.
  3465 | Temple   | Entered the Ecumenical Temple
  3871 | D:4      | Noticed Pikel
  3875 | D:4      | Noticed a lemure
  3884 | D:4      | Noticed a lemure
  3889 | D:4      | Killed Pikel
  3890 | D:4      | Reached skill level 7 in Poison Magic
  3890 | D:4      | Reached XP level 6. HP: 21/41 MP: 4/12
  3890 | D:4      | Reached XP level 7. HP: 24/46 MP: 4/13
  4573 | D:5      | Entered Level 5 of the Dungeon
  5014 | D:5      | Reached skill level 8 in Poison Magic
  5014 | D:5      | Reached skill level 1 in Fighting
  5093 | D:5      | Identified the +0 ring mail of Life {rN++}
  5117 | D:5      | Learned a level 2 spell: Poisonous Vapours
  5122 | D:5      | Learned a level 4 spell: Olgreb's Toxic Radiance
  5126 | D:5      | Learned a level 3 spell: Ignite Poison
  5130 | D:5      | Learned a level 3 spell: Mephitic Cloud
  5324 | D:5      | Noticed hehateme's ghost (novice FoFi)
  5327 | D:5      | Found a runed translucent gate.
  5327 | D:5      | Found a runed translucent gate.
  5327 | D:5      | Found a runed translucent gate.
  5458 | D:5      | Reached XP level 8. HP: 57/57 MP: 6/14
  5551 | D:5      | Slain by a white imp

Illustrated notes

Levels and vault maps discovered:
D:1:      onia_arrival_pyramid, layout_basic, minmay_stone_trees_small,
          grunt_decor_one_mirror
D:2:      layout_loops_ring, nzn_wu_jian_council_hall
D:3:      layout_basic, chequers_temple_overflow_statue_of_worship,
          general_overflow_altar, uniq_grinder
D:4:      layout_basic, minmay_temple_entry_mist, portal_sewer_entry_a,
          uniq_pikel
D:5:      layout_loops_ring, gammafunk_ghost_split, minmay_increasing_density
Temple:   jpeg_temple_alley_garden

Skill      XL: |  1  2  3  4  5  6  7 |
---------------+----------------------+-----
Transmutations | 2 3 4 |  4.0
Poison Magic   | 4 7 8 |  8.0
Spellcasting   | 4 |  4.0
Fighting       | 2 |  2.8
Dodging        | |  2.6
Stealth        | |  2.1

Action                   |  1- 3 |  4- 6 |  7- 9 || total
-------------------------+-------+-------+-------++-------
Melee: Unarmed           |     2 |     4 |       ||     6
       Whip              |       |       |    20 ||    20
 Cast: Sting             |    68 |    68 |    68 ||   204
Armor: Robe              |     4 |     7 |     3 ||    14
Dodge: Dodged            |    21 |    27 |    33 ||    81

Table legend: (Time is in decaauts)
 A = Elapsed time spent in this place.
 B = Non-inter-level travel time spent in this place.
 C = Inter-level travel time spent in this place.
 D = Time resting spent in this place.
 E = Time spent auto-exploring this place.
 F = Levels seen in this place.
 G = Mean time per level.
                   A        B        C        D        E       F      G
               +--------+--------+--------+--------+--------+-----+--------+
         Total |   5548 |   5383 |    165 |    518 |   4118 |   6 |  924.7 |
       Dungeon |   5321 |   5210 |    111 |    518 |   3946 |   5 | 1064.2 |
        Temple |    226 |    172 |     54 |      0 |    172 |   1 |  226.0 |
               +--------+--------+--------+--------+--------+-----+--------+

Top non-repeatable levels by time:
     D:4: 1210 daAuts
     D:2: 1205 daAuts
     D:1: 1131 daAuts
     D:5: 894 daAuts
     D:3: 880 daAuts
  Temple: 226 daAuts
